 Dungeon Crawl Stone Soup version 0.26-a0-597-gb535b0901c (webtiles) character file.

Game seed: 18200314620984040945

373 Inarius the Ruffian (level 6, -6/59 HPs)
             Began as a Troll Chaos Knight on Sept 14, 2020.
             Was a Plaything of Xom.
             Mangled by an ogre
             ... wielding a +4 giant club of chaos
              (12 damage)
             ... while petrified by an ogre
             ... on level 5 of the Dungeon.
             The game lasted 00:03:59 (3068 turns).

Inarius the Ruffian (Troll Chaos Knight)            Turns: 3068, Time: 00:04:00

Health: -6/59      AC:  8    Str: 21    XL:     6   Next: 43%
Magic:  5/5        EV:  1    Int:  8    God:    Xom [......]
Gold:   163        SH:  0    Dex:  9    Spells: 5/5 levels left

rFire    + . .     SeeInvis +     - Unarmed
rCold    . . .     Faith    .   (no shield)
rNeg     + + +     Spirit   .   a - +2 robe
rPois    ∞         Reflect  .   (helmet restricted)
rElec    .         Harm     .   (no cloak)
rCorr    .                      (gloves unavailable)
MR       .....                  (boots unavailable)
Stlth    +.........             b - amulet of magic regeneration
HPRegen  0.59/turn              l - ring of protection from fire
MPRegen  0.34/turn              j - ring of see invisible

@: about to teleport, petrified, slowed, lightly drained
A: large, unfitting armour, claws 3, regeneration 1, shaggy fur 1, tough skin 3,
weak 1
a: Renounce Religion


You were on level 5 of the Dungeon.
You worshipped Xom.
You were a very special plaything of Xom.
You visited 1 branch of the dungeon, and saw 5 of its levels.

You collected 163 gold pieces.

Inventory:

Armour
 a - a +2 robe (worn)
 d - a +0 tower shield
Jewellery
 b - an amulet of magic regeneration (around neck)
 g - a +6 ring of intelligence
 j - a ring of see invisible (right claw)
 l - a ring of protection from fire (left claw)
Scrolls
 e - 3 scrolls of teleportation
 i - a scroll of fear
 n - a scroll of enchant weapon
Potions
 c - a potion of haste {unknown}
 f - a potion of flight
 h - 2 potions of brilliance {unknown}
 k - a potion of resistance {unknown}


   Skills:
 + Level 2.9(2.4) Fighting
 + Level 3.0(2.5) Dodging
 * Level 6.4(5.7) Unarmed Combat


You had 5 spell levels left.
You didn't know any spells.
Your spell library was empty.

Dungeon Overview and Level Annotations

Branches:
Dungeon (5/15)             Temple (0/1) D:5

Altars:
Cheibriados
The Shining One


Innate Abilities, Weirdness & Mutations

You are too large for most types of armour.
You have claws for hands.
Your natural rate of healing is unusually fast.
You are covered in fur. (AC +1)
You have extremely tough skin. (AC +3)
You are weak. (Str -2)


Message History

You are slowing down.
Unknown command.
Unknown command.
Unknown command.
Your limbs are stiffening.
Okay, then.
As you read the scroll of teleportation, it crumbles to dust.
You feel strangely unstable.
The ogre hits you with a +4 giant club of chaos!!
You feel drained.
* * * LOW HITPOINT WARNING * * *
You have turned to stone.
The ogre hits you with a +4 giant club of chaos!!
* * * LOW HITPOINT WARNING * * *
You feel yourself slow down.
The ogre hits you with a +4 giant club of chaos.
* * * LOW HITPOINT WARNING * * *
The ogre hits you with a +4 giant club of chaos!!
You die...
Xom snickers!

#.# #.#
#.# #.##
..# #..#
..# ##.#
..# #.##
..# #..#
### ##.#
#####.##
#.@....#
#O######
#...#
..!.###
#####


You could see an ogre.

Vanquished Creatures
  A scorpion (D:4)
  A bullfrog skeleton (D:4)
  A centaur skeleton (D:4)
  An iguana (D:4)
  2 worker ants (D:5)
  4 gnolls (D:2)
  6 adders
  A white imp (D:5)
  An ufetubus (D:5)
  2 dart slugs
  5 leopard geckos
  8 orcs
  3 giant cockroaches
  6 hobgoblins
  4 jackals (D:1)
  9 kobolds
  2 quokkas
  8 bats
  6 frilled lizards
  8 goblins
  A leopard gecko skeleton (D:4)
  9 rats
89 creatures vanquished.

Notes
Turn   | Place    | Note
-------+----------+-------------------------------------------
     0 | D:1      | Inarius the Troll Chaos Knight began the quest for the Orb.
     0 | D:1      | Reached XP level 1. HP: 22/22 MP: 0/0
   106 | D:1      | Reached XP level 2. HP: 23/29 MP: 1/1
   483 | D:1      | XOM: potion effect (invisibility)
   485 | D:1      | Reached XP level 3. HP: 36/36 MP: 2/2
   507 | D:1      | XOM: draining
   652 | D:1      | XOM: summons 2 hostile demons
   866 | D:1      | XOM: silly message
  1044 | D:2      | Reached skill level 4 in Unarmed Combat
  1060 | D:2      | XOM: confuse monster(s)
  1069 | D:2      | Reached XP level 4. HP: 31/44 MP: 3/3
  1073 | D:2      | XOM: smoke on damage
  1128 | D:2      | Noticed Jessica
  1128 | D:2      | Noticed Jessica
  1128 | D:2      | Jessica changed into Jessica the kobold
  1128 | D:2      | XOM: polymorph Jessica -> Jessica the kobold
  1145 | D:2      | Killed Jessica the kobold
  1147 | D:2      | XOM: 3-stop teleportation journey
  1613 | D:2      | XOM: divination: detect creatures
  1826 | D:3      | Reached skill level 5 in Unarmed Combat
  1826 | D:3      | Reached XP level 5. HP: 52/52 MP: 4/4
  1861 | D:3      | Found a glowing golden altar of the Shining One.
  2250 | D:3      | Found a snail-covered altar of Cheibriados.
  2616 | D:4      | Reached XP level 6. HP: 56/59 MP: 5/5
  2659 | D:4      | Reached skill level 6 in Unarmed Combat
  2822 | D:4      | XOM: summons 4 hostile demons
  2823 | D:4      | Noticed a sixfirhy
  2823 | D:4      | Noticed an ice devil
  2831 | D:4      | XOM: give mutation
  2831 | D:4      | Gained mutation: You are weak. (Str -2) [Xom's mischief]
  2939 | D:5      | Entered Level 5 of the Dungeon
  2947 | D:5      | Found a staircase to the Ecumenical Temple.
  3062 | D:5      | XOM: chaos upgrade
  3068 | D:5      | Mangled by an ogre

Illustrated notes

Levels and vault maps discovered:
D:1:      dpeg_arrival_short_road, layout_basic
D:2:      layout_basic, grunt_ministairs_9, uniq_jessica
D:3:      layout_loops_ring, lemuel_coloured_pillars_altar,
          nicolae_tso_carved_into_rock
D:4:      layout_cave_pods
D:5:      layout_rooms, minmay_temple_entry_slanted, portal_sewer_entry_b

Skill      XL: |  1  2  3  4  5  6 |
---------------+-------------------+-----
Dodging        | 2 3 |  3.0
Unarmed Combat | 4 5 6 |  6.4
Fighting       | |  2.9

Action                   |  1- 3 |  4- 6 || total
-------------------------+-------+-------++-------
Melee: Unarmed           |   161 |   194 ||   355
       Punch             |     1 |     3 ||     4
  Use: Scroll            |     3 |    10 ||    13
 Stab: Sleeping          |     3 |     1 ||     4
       Confused          |     2 |       ||     2
       Invisible         |     1 |       ||     1
Armor: Robe              |    84 |    88 ||   172
Dodge: Dodged            |   105 |   117 ||   222

Table legend: (Time is in decaauts)
 A = Elapsed time spent in this place.
 B = Non-inter-level travel time spent in this place.
 C = Inter-level travel time spent in this place.
 D = Time resting spent in this place.
 E = Time spent auto-exploring this place.
 F = Levels seen in this place.
 G = Mean time per level.
                   A        B        C        D        E       F      G
               +--------+--------+--------+--------+--------+-----+--------+
         Total |   3040 |   2883 |    157 |     48 |   2116 |   5 |  608.0 |
       Dungeon |   3040 |   2883 |    157 |     48 |   2116 |   5 |  608.0 |
               +--------+--------+--------+--------+--------+-----+--------+

Top non-repeatable levels by time:
     D:1: 889 daAuts
     D:2: 730 daAuts
     D:3: 714 daAuts
     D:4: 580 daAuts
     D:5: 125 daAuts
